cohdb
Replays
Latest Replays
All Replays
Popular Replays
Top Player Replays
Match Explorer
How It Works
Community
CoH3 Stats
Reddit
Sign in to upload your games and track your stats! →
Sign in with Steam
Match 41794803
Unlisted
Match 41794803
Overview
Messages
Build Orders
End
Kettenkrad Recon Vehicle
Construct Infanterie Kompanie
Grenadier Squad
Grenadier Squad
MG 42 Machine Gun Team
Construct Luftwaffe Kompanie
Jäger Squad
Jäger Squad
Support Elements
Marder III M Tank Destroyer
Medical Bunker
Marder III M Tank Destroyer
Pioneer Squad
GrW 34 Mortar Team
GrW 34 Mortar Team
Jäger Squad
Marder III M Tank Destroyer
Marder III M Tank Destroyer
Grand.G
سَۨفُـيٰانۨوٰس
0
0
Comments
sign in to comment!
No comments posted yet!